 Dungeon Crawl Stone Soup version 0.25.0-11-g1f837a76a1 (webtiles) character file.

Game seed: 6344813114556727610

16 Descartes the Scratcher (level 2, 0/12 HPs)
             Began as a Felid Transmuter on June 27, 2020.
             Slain by a worm (9 damage)
             ... on level 2 of the Dungeon.
             The game lasted 00:01:47 (1346 turns).

Descartes the Scratcher (Felid Transmuter)          Turns: 1346, Time: 00:01:47

Health: 0/12       AC:  1    Str:  6    XL:     2   Next: 41%
Magic:  6/6        EV: 18    Int: 14    God:
Gold:   30         SH:  0    Dex: 16    Spells: 4/5 levels left
                                        Lives:  0   Deaths: 0

rFire    . . .     SeeInvis +     - Unarmed
rCold    . . .     Gourm    .   (shield unavailable)
rNeg     . . .     Faith    .   (armour unavailable)
rPois    .         Spirit   .   (helmet unavailable)
rElec    .         Reflect  .   (cloak unavailable)
rCorr    .         Harm     .   (gloves unavailable)
MR       .....                  (boots unavailable)
Stlth    ++........             (no amulet)
HPRegen  0.04/turn              (no ring)
MPRegen  0.10/turn              (no ring)

@: quick
A: very small, no armour, no weapons or thrown items, stealth, claws 1, fangs 3,
see invisible, carnivore, speed 1, shaggy fur 1, slow metabolism 1, sharp paws
a: no special abilities


You were on level 2 of the Dungeon.
You were completely stuffed.

You visited 1 branch of the dungeon, and saw 2 of its levels.

You collected 30 gold pieces.

Inventory:

Missiles
 a - 12 arrows
 g - 61 stones
Scrolls
 d - 3 scrolls of teleportation {unknown}
 e - a scroll of enchant armour {unknown}
 f - a scroll of random uselessness {unknown}
 i - a scroll of remove curse {unknown}
Potions
 b - a potion of heal wounds {unknown}
 h - 2 potions of curing {unknown}
Comestibles
 c - 2 rations
 j - a chunk of flesh


   Skills:
 - Level 1.0 Fighting
 - Level 2.6 Dodging
 * Level 1.9 Stealth
 * Level 3.3 Unarmed Combat
 - Level 2.0 Spellcasting
 + Level 2.4 Transmutations


You had 4 spell levels left.
You knew the following spells:

 Your Spells              Type           Power        Failure   Level  Hunger
a - Beastly Appendage     Tmut           #.....       9%          1    ##.....

Your spell library contained the following spells:

 Spells                   Type           Power        Failure   Level  Hunger
 Sticks to Snakes         Tmut           #.......     13%         2    ###....
 Spider Form              Tmut/Pois      #.........   41%         3    ####...
 Ice Form                 Ice/Tmut       #.......     82%         4    #####..
 Blade Hands              Tmut           #.........   94%         5    ######.


Dungeon Overview and Level Annotations

Branches:
Dungeon (2/15)

Altars:
Fedhas
Zin


Innate Abilities, Weirdness & Mutations

You cannot wear armour.
You are incapable of wielding weapons or throwing items.
Your paws allow you to move quietly. (Stealth)
You have sharp claws.
You have razor-sharp teeth.
You have supernaturally acute eyesight. (SInv)
You are carnivorous and can eat meat at any time.
You cover ground quickly.
You are covered in fur. (AC +1)
You have a slow metabolism.
Your sharp claws are effective at attacking unaware monsters.


Message History

Found a spear.
No target in view!
There is a stone staircase leading down here.
A worm comes into view.
You pounce on the unaware helpless worm!
You claw the worm!
The worm is heavily wounded.
The worm bites you.
You scratch the worm. You bite the worm.
The worm is heavily wounded.
You barely miss the worm.
The worm is heavily wounded.
The worm completely misses you.
You scratch the worm.
The worm is almost dead.
You scratch the worm.
The worm is almost dead.
The worm bites you!
Ouch! That really hurt!
You die...

.....>.......# #.#.#
##.......>##.# #.#.#
#)...........# #.#.#
#.........##.# #.#
#..#.....###.###.#
#..##............#.#
#. ##..)..........#
#.#####.####### #.
#@# .......w#
........# #.####..#
#..# #..# #..# #..#


You could see a worm.

Vanquished Creatures
  3 giant cockroaches
  2 goblins (D:1)
  2 hobgoblins (D:1)
  3 bats
  3 kobolds
  2 rats (D:1)
15 creatures vanquished.

Notes
Turn   | Place    | Note
-------+----------+-------------------------------------------
     0 | D:1      | Descartes the Felid Transmuter began the quest for the Orb.
     0 | D:1      | Reached XP level 1. HP: 9/9 MP: 4/4
   451 | D:1      | Reached skill level 1 in Stealth
   568 | D:1      | Reached XP level 2. HP: 8/12 MP: 6/6
  1067 | D:2      | Found a blossoming altar of Fedhas.
  1139 | D:2      | Found a glowing silver altar of Zin.
  1346 | D:2      | Slain by a worm

Illustrated notes

Levels and vault maps discovered:
D:1:      minmay_arrival_nine_rooms, layout_basic
D:2:      cheibrodos_old_hovel, layout_loops_ring, marbit_many_paths,
          nicolae_overflow_crystal_walls, minmay_diced_spiral

Skill      XL: |  1 |
---------------+----+-----
Stealth        | 1 |  1.9
Fighting       | |  1.0
Dodging        | |  2.6
Unarmed Combat | |  3.3
Spellcasting   | |  2.0
Transmutations | |  2.4

Action                   || total
-------------------------++-------
Melee: Unarmed           ||    51
       Bite              ||     2
 Stab: Sleeping          ||     4
  Eat: Chunk             ||     8
Armor: Skin              ||     1
Dodge: Dodged            ||    31
